AoeStats
← fat_dgk

Lombardia

509557153Analyzed
4v4 RM · 5d ago on Sep 27, 2026· 58m 2s· 8 players
Game mode
Random Map
Map size
Large (8 player)
Population
200
Speed
Normal
Resources
Standard
Victory
Conquest
Starting age
Dark Age
Ending age
Imperial Age
RankedLock teamsTeams togetherTeam positionsShared explorationLock speedFull tech treeHidden civsTurbo modeCheats
Victory
Defeat
1358
+11
🇨🇳 Magyars · China
1354
+11
🇰🇷 Spanish · South Korea
1258
+14
🇨🇳 Franks · China
1255
+15
🇨🇦 Saxons · Canada
1332
-17
🇨🇿 Burgundians · Czechia
1215
-12
🇨🇱 Berbers · Chile
1205
-12
🇲🇽 Spanish · Mexico
1169
-10
XI JINPING
11:25 Feudal Age
10:49 Loom
13:56 Double-Bit Axe
17:53 Castle Age
16:20 Stone Mining
16:43 Padded Archer Armor
17:31 Gold Mining
25:24 Horse Collar
26:20 Stone Shaft Mining
27:28 Wheelbarrow
27:16 Bow Saw
27:39 Leather Archer Armor
27:55 Fervor
29:12 Heavy Plow
32:16 Imperial Age
30:57 Fletching
33:21 Hand Cart
35:06 Illumination
35:21 Elite Conquistador
38:42 Ring Archer Armor
38:37 Ballistics
42:16 Chemistry
DancingSword
10:49 Feudal Age
13:12 Loom
16:34 Castle Age
14:51 Double-Bit Axe
18:34 Bow Saw
19:04 Wheelbarrow
27:52 Stone Mining
32:25 Imperial Age
30:23 Hand Cart
30:10 Caravan
31:12 Scale Barding Armor
31:18 Forging
31:42 Gold Mining
32:16 Chain Barding Armor
32:37 Cavalier
33:17 Husbandry
34:04 Conscription
34:33 Plate Barding Armor
34:33 Iron Casting
34:08 Paladin
34:40 Town Watch
36:50 Blast Furnace
35:51 Scale Mail Armor
35:54 Squires
35:39 Arson
35:40 Gambesons
36:19 Ballistics
37:08 Chemistry
39:04 Chain Mail Armor
38:34 Treadmill Crane
38:59 Siege Engineers
38:50 Murder Holes
40:09 Fortified Wall
39:52 Ordonnance Companies
40:53 Chivalry
42:57 Light Cavalry
45:02 Elite Skirmisher
48:03 Padded Archer Armor
47:54 Fletching
49:30 Plate Mail Armor
49:17 Leather Archer Armor
48:58 Bodkin Arrow
50:12 Masonry
51:49 Pikeman
52:36 Halberdier
DGKR5507
7:25 Loom
9:45 Feudal Age
10:22 Double-Bit Axe
13:39 Wheelbarrow
14:15 Bloodlines
16:09 Scale Barding Armor
16:41 Horse Collar
21:55 Castle Age
23:27 Chain Barding Armor
27:44 Husbandry
29:19 Bow Saw
30:35 Heavy Plow
33:24 Hand Cart
33:49 Gold Mining
34:19 Stone Mining
39:09 Imperial Age
37:31 Caravan
39:13 Cavalier
40:30 Plate Barding Armor
41:16 Gold Shaft Mining
43:35 Conscription
43:13 Capped Ram
44:53 Paladin
45:42 Corvinian Army
45:35 Elite Magyar Huszar
52:44 Light Cavalry
漠北万丈孤烟长河落日圆
0:32 Loom
11:49 Feudal Age
12:38 Double-Bit Axe
12:34 Horse Collar
18:38 Castle Age
19:36 Bow Saw
22:20 Wheelbarrow
24:26 Caravan
24:33 Stone Mining
25:03 Town Watch
29:41 Imperial Age
27:16 Heavy Plow
28:24 Circumnavigation
28:37 Treadmill Crane
29:59 Elite Organ Gun
31:25 Conscription
31:45 Siege Engineers
33:24 Chemistry
32:47 Ballistics
34:35 Two-Man Saw
34:05 Bombard Tower
34:10 Ballistics
33:50 Murder Holes
35:31 Crop Rotation
35:00 Fletching
36:03 Arquebus
37:47 Coinage
37:39 Gold Mining
37:49 Bodkin Arrow
38:53 Bracer
39:45 Hand Cart
44:07 Banking
43:48 Guilds
44:56 Stone Shaft Mining
44:50 Scale Mail Armor
45:01 Forging
45:05 Masonry
45:06 Fortified Wall
46:39 Fervor
48:08 Chain Mail Armor
48:29 Iron Casting
48:29 Architecture
51:02 Plate Mail Armor
51:33 Blast Furnace
54:17 Capped Ram
dedw1ng
6:41 Loom
9:53 Feudal Age
12:36 Double-Bit Axe
17:44 Castle Age
17:50 Crossbowman
18:37 Thumb Ring
21:11 Bow Saw
22:15 Horse Collar
25:13 Fletching
26:29 Wheelbarrow
26:52 Heavy Plow
28:28 Hand Cart
33:04 Imperial Age
31:04 Ballistics
30:58 Gold Mining
31:37 Bodkin Arrow
31:43 Padded Archer Armor
33:55 Gold Shaft Mining
33:11 Stone Mining
33:40 Leather Archer Armor
34:05 Conscription
34:49 Chemistry
33:57 Arbalester
34:55 Bracer
35:31 Fortified Wall
35:14 Pikeman
35:54 Squires
39:30 Ring Archer Armor
44:40 Scale Mail Armor
44:51 Forging
50:06 Masonry
tag_chingon777
4:53 Loom
11:18 Feudal Age
12:24 Double-Bit Axe
17:49 Castle Age
16:33 Horse Collar
19:41 Bow Saw
27:34 Town Watch
28:25 Wheelbarrow
31:45 Imperial Age
29:17 Town Patrol
29:30 Forging
29:53 Scale Barding Armor
30:25 Hand Cart
30:29 Husbandry
30:40 Bloodlines
30:54 Ballistics
30:20 Light Cavalry
31:09 Gold Mining
31:28 Padded Archer Armor
31:44 Masonry
32:27 Chain Barding Armor
32:48 Conscription
32:49 Supremacy
31:51 Cavalier
32:48 Stone Mining
33:08 Devotion
32:48 Hussar
34:17 Iron Casting
35:04 Hoardings
36:00 Blast Furnace
36:33 Architecture
35:59 Murder Holes
36:17 Fortified Wall
37:24 Plate Barding Armor
36:56 Heavy Plow
37:04 Sappers
38:20 Heresy
39:17 Arrowslits
39:23 Guard Tower
40:04 Fletching
41:19 Chemistry
40:23 Paladin
44:38 Inquisition
44:00 Elite Conquistador
45:04 Faith
45:22 Bodkin Arrow
45:12 Capped Ram
46:52 Siege Ram
48:46 Two-Man Saw
48:05 Guilds
47:56 Bracer
48:12 Leather Archer Armor
fat_dgk
7:07 Loom
9:29 Feudal Age
10:25 Double-Bit Axe
14:54 Horse Collar
18:19 Wheelbarrow
18:57 Fletching
21:21 Castle Age
20:08 Fletching
31:57 Imperial Age
31:45 Hand Cart
32:25 Bodkin Arrow
32:44 Padded Archer Armor
33:00 Kasbah
33:25 Bracer
33:51 Ballistics
34:32 Chemistry
36:05 Leather Archer Armor
35:25 Elite Camel Archer
36:26 Conscription
38:14 Ring Archer Armor
39:42 Thumb Ring
41:23 Bloodlines
41:13 Husbandry
42:41 Light Cavalry
43:28 Scale Barding Armor
43:33 Forging
45:05 Chain Barding Armor
45:09 Caravan
44:58 Hussar
46:15 Iron Casting
48:31 Plate Barding Armor
48:57 Blast Furnace
50:06 Heavy Plow
54:12 Maghrebi Camels
56:35 Cavalier
vyshi77
10:15 Feudal Age
9:34 Double-Bit Axe
12:43 Loom
16:21 Castle Age
15:07 Bow Saw
15:03 Horse Collar
16:37 Scale Barding Armor
17:17 Husbandry
22:27 Wheelbarrow
21:38 Town Watch
22:09 Cavalier
25:35 Wheelbarrow
25:44 Chain Barding Armor
25:37 Gold Mining
26:38 Forging
30:18 Iron Casting
32:50 Gold Shaft Mining
33:07 Hand Cart
34:33 Heavy Plow
36:30 Caravan
37:51 Crop Rotation
36:57 Light Cavalry
41:13 Imperial Age
40:14 Coinage
41:24 Paladin
43:54 Fletching
45:05 Blast Furnace
44:17 Treadmill Crane
44:48 Masonry
46:50 Two-Man Saw
48:34 Chemistry
47:55 Ballistics
48:06 Architecture
47:31 Murder Holes
48:41 Guilds
48:25 Hussar
51:10 Onager
53:02 Banking
54:24 Pikeman
55:05 Squires
Connection lost

Rejoining the realm…

Still unreachable

The connection could not be restored.

Session expired

The server has moved on; the page needs a fresh start.